 Dungeon Crawl Stone Soup version 0.19.5 (webtiles) character file.

2102 tof the Basher (level 9, -11/118 HPs)
             Began as a Minotaur Berserker on Mar 9, 2017.
             Was a High Priest of Trog.
             Mangled by a tentacled starspawn (14 damage)
             ... on level 1 of the Abyss.
             The game lasted 00:18:37 (4854 turns).

tof the Basher (Minotaur Berserker)                 Turns: 4854, Time: 00:18:37

Health: -11/118    AC: 11    Str: 29 (32) XL:     9   Next: 7%
Magic:  8/8        EV: 14    Int: 10 (11) God:    Trog [*****.]
Gold:   333        SH:  0    Dex: 10 (13) Spells: 0 memorised, 8 levels left

rFire  . . .     SeeInvis .     C - +0 dire flail
rCold  . . .     Gourm    +     d - +5 leather armour of Suhop {+Fly Int+2}
rNeg   . . .     Faith    .     (shield currently unavailable)
rPois  .         Spirit   .     (helmet restricted)
rElec  .         Reflect  .     f - +1 cloak
rCorr  .         Harm     .     (no gloves)
MR     .....                    (no boots)
Stlth  ..........               B - amulet of the gourmand
                                p - +5 ring of intelligence
                                r - +5 ring of strength

@: berserking, very slightly contaminated, very quick
A: retaliatory headbutt, horns 2
a: Berserk, Trog's Hand, Brothers in Arms, Burn Spellbooks, Renounce Religion,
Evoke Flight


You were on level 1 of the Abyss.
You worshipped Trog.
Trog was extremely pleased with you.
You were not hungry.

You visited 1 branch of the dungeon, and saw 6 of its levels.
You visited the Abyss 1 time.
You also visited: Ossuary.

You collected 333 gold pieces.

Inventory:

Hand Weapons
 a - a +0 mace
 C - a +0 dire flail (weapon)
Armour
 d - the +5 leather armour of Suhop (worn) {+Fly Int+2}
   (You found it on level 5 of the Dungeon)

   It affects your intelligence (+2).
   It lets you fly.
 f - a +1 cloak (worn)
 l - a +0 ring mail
Jewellery
 o - an uncursed amulet of guardian spirit
 p - a +5 ring of intelligence (right hand)
 r - a +5 ring of strength (left hand)
 B - an amulet of the gourmand (around neck)
Wands
 j - a wand of iceblast (1/15)
 v - a wand of acid (8/15)
Scrolls
 b - 3 scrolls of magic mapping
 e - 2 scrolls of recharging
 g - 8 scrolls of identify
 i - 3 scrolls of teleportation {unknown}
 n - 2 scrolls of blinking
 q - 2 scrolls of enchant weapon {unknown}
 y - 3 scrolls of remove curse
 A - a scroll of random uselessness {unknown}
Potions
 s - a potion of cancellation
 t - 6 potions of curing
 u - a potion of might
 w - 3 potions of agility
 x - a potion of magic
 z - a potion of ambrosia
 D - a potion of berserk rage
Comestibles
 c - 4 bread rations
 h - 3 meat rations
 k - 4 beef jerkies
 m - a slice of pizza
 E - 5 chunks of flesh


   Skills:
 + Level 7.0 Fighting
 * Level 9.2 Maces & Flails
 + Level 6.4 Armour
 + Level 6.0 Dodging
 + Level 3.4 Stealth


You had 8 spell levels left.
You didn't know any spells.

Dungeon Overview and Level Annotations

Branches:
Dungeon (6/15)             Temple (0/1) D:5

Altars:
Ashenzari
Dithmenos
Okawaru
Qazlal
Trog
Xom


Innate Abilities, Weirdness & Mutations

You reflexively headbutt those who attack you in melee.
You have a pair of horns on your head.


Message History

The hungry ghost hits you.
You closely miss the hungry ghost. You closely miss the hungry ghost.
Your headbutt misses the hungry ghost. The hungry ghost hits you.
You puncture the hungry ghost! You headbutt the hungry ghost.
The hungry ghost is heavily damaged.
You barely miss the hungry ghost.
The hungry ghost is heavily damaged.
The hungry ghost hits you.
* * * LOW HITPOINT WARNING * * *
You feel a lot more hungry.
You impale the hungry ghost!!
You destroy the hungry ghost!
Trog accepts your kill.
You feel your intelligence returning.
Your Dodging skill increases to level 6!
The tentacled starspawn bites you!
* * * LOW HITPOINT WARNING * * *
The tentacled starspawn engulfs you!
You die...

......#
## ##.
.#. #
#...##...
. .
#.####...
# #. ..#.
.#. .#.#
###.# ..#
#X###..#
#..#..#
..#X..#
###@#..#
#...# ..#
##... #..
#.... #
.####. #
## .. ..
..


You could see a tentacled starspawn.

Vanquished Creatures
  Eustachio (D:6)
  A hungry ghost (Abyss:1)
  Menkaure (D:4)
  An orc warrior (D:6)
  A centaur (D:6)
  An ogre (D:4)
  Blork the orc (D:6)
  A wyvern zombie (Ossuary)
  A howler monkey (D:4)
  3 crimson imps
  2 bullfrog zombies (Ossuary)
  2 centaur zombies (Ossuary)
  3 orc priests
  A hound (D:6)
  2 bullfrog skeletons
  7 orc wizards
  3 worker ants (D:4)
  A killer bee zombie (Ossuary)
  2 hound zombies (Ossuary)
  A howler monkey zombie (Ossuary)
  16 mummies (Ossuary)
  4 worker ant zombies (Ossuary)
  3 gnolls (D:6)
  11 adders
  A shadow imp (D:6)
  An ooze (D:1)
  An adder skeleton (D:6)
  An adder zombie (Ossuary)
  2 worms
  3 leopard geckos
  31 orcs
  A ball python (D:1)
  4 giant cockroaches
  4 goblins
  A hobgoblin (D:2)
  4 jackals (D:3)
  4 kobolds
  2 quokkas
  12 bats
  8 frilled lizards
  A goblin zombie (D:5)
  A jackal skeleton (D:6)
  A jackal zombie (Ossuary)
  A leopard gecko zombie (Ossuary)
  A quokka skeleton (D:5)
  2 quokka zombies
  3 rats
160 creatures vanquished.

Vanquished Creatures (others)
  2 starspawn tentacles (Abyss:1)
  3 withered plants (Ossuary)
5 creatures vanquished.

Grand Total: 165 creatures vanquished

Notes
Turn   | Place    | Note
-------+----------+-------------------------------------------
     0 | D:1      | tof the Minotaur Berserker began the quest for the Orb.
     0 | D:1      | Reached XP level 1. HP: 19/19 MP: 0/0
   178 | D:1      | Reached XP level 2. HP: 26/27 MP: 1/1
   283 | D:1      | Reached skill level 4 in Maces & Flails
   448 | D:2      | Reached XP level 3. HP: 23/33 MP: 2/2
   597 | D:2      | Found a shimmering altar of Xom.
   597 | D:2      | Found a stormy altar of Qazlal.
   597 | D:2      | Found an iron altar of Okawaru.
   597 | D:2      | Found a bloodstained altar of Trog.
   688 | D:2      | Reached ** piety under Trog
   801 | D:2      | Gained mutation: You possess an exceptional clarity of mind. [potion of mutation]
   801 | D:2      | Gained mutation: Your skin changes colour to match your surroundings (Stealth+). [potion of mutation]
   801 | D:2      | Gained mutation: You are frail. (-10% HP) [potion of mutation]
  1125 | D:2      | Found a shadowy altar of Dithmenos.
  1125 | D:2      | Found a shattered altar of Ashenzari.
  1346 | D:3      | Reached XP level 4. HP: 14/36 MP: 3/3
  1352 | D:3      | Reached skill level 5 in Maces & Flails
  1354 | D:3      | Reached skill level 1 in Stealth
  1643 | D:3      | Reached XP level 5. HP: 42/42 MP: 4/4
  2113 | D:4      | Reached XP level 6. HP: 36/49 MP: 5/5
  2121 | D:4      | Reached *** piety under Trog
  2278 | D:4      | Noticed Menkaure
  2285 | D:4      | Killed Menkaure
  2285 | D:4      | Reached skill level 5 in Fighting
  2285 | D:4      | Reached skill level 6 in Maces & Flails
  2494 | D:4      | Reached XP level 7. HP: 15/54 MP: 1/6
  2814 | D:5      | Entered Level 5 of the Dungeon
  2926 | D:5      | Found a sand-covered staircase.
  3030 | Ossuary  | Entered an ossuary
  3086 | Ossuary  | Reached skill level 7 in Maces & Flails
  3249 | Ossuary  | Reached skill level 5 in Armour
  3338 | Ossuary  | Reached XP level 8. HP: 46/63 MP: 7/7
  3432 | Ossuary  | Reached **** piety under Trog
  3644 | Ossuary  | Reached skill level 5 in Dodging
  3725 | D:5      | Lost mutation: You possess an exceptional clarity of mind. [potion of cure mutation]
  3725 | D:5      | Lost mutation: You are frail. (-10% HP) [potion of cure mutation]
  3725 | D:5      | Lost mutation: Your skin changes colour to match your surroundings (Stealth+). [potion of cure mutation]
  3771 | D:5      | Found a staircase to the Ecumenical Temple.
  3871 | D:5      | Reached skill level 8 in Maces & Flails
  4055 | D:5      | Got a slimy leather armour
  4066 | D:5      | Identified the +5 leather armour of Suhop {+Fly Int+2} (You found it on level 5 of the Dungeon)
  4217 | D:6      | Noticed Eustachio
  4228 | D:6      | Noticed Blork the orc
  4238 | D:6      | Killed Blork the orc
  4252 | D:6      | Killed Eustachio
  4461 | D:6      | Reached skill level 9 in Maces & Flails
  4541 | D:6      | Reached ***** piety under Trog
  4556 | D:6      | Found a shadowy altar of Dithmenos.
  4578 | D:6      | Reached XP level 9. HP: 69/79 MP: 8/8
  4662 | D:6      | Cast into level 1 of the Abyss (gnoll sergeant)
  4673 | Abyss:1  | Noticed a demonic crawler
  4733 | Abyss:1  | Noticed a worldbinder
  4751 | Abyss:1  | Noticed a worldbinder
  4755 | Abyss:1  | Noticed a mana viper
  4756 | Abyss:1  | Noticed a black mamba
  4771 | Abyss:1  | Noticed a black mamba
  4771 | Abyss:1  | Noticed a mana viper
  4771 | Abyss:1  | Noticed a black mamba
  4785 | Abyss:1  | Noticed a mana viper
  4786 | Abyss:1  | Noticed a mana viper
  4786 | Abyss:1  | Noticed a black mamba
  4796 | Abyss:1  | Noticed a black mamba
  4796 | Abyss:1  | Noticed a black mamba
  4806 | Abyss:1  | Noticed a black mamba
  4811 | Abyss:1  | Noticed a necromancer
  4823 | Abyss:1  | Noticed a tentacled starspawn
  4830 | Abyss:1  | Noticed a mana viper
  4830 | Abyss:1  | Noticed a black mamba
  4831 | Abyss:1  | Noticed a shadow demon
  4854 | Abyss:1  | HP: 3/118 [tentacled starspawn (16)]
  4854 | Abyss:1  | Mangled by a tentacled starspawn

Skill      XL: |  1  2  3  4  5  6  7  8  9 |
---------------+----------------------------+-----
Maces & Flails | 4 5 6 7 9 |  9.2
Fighting       | 4 5 7 |  7.0
Armour         | 3 4 5 6 |  6.4
Dodging        | 3 4 5 6 |  6.0
Stealth        | 1 2 3 |  3.4

Action                   |  1- 3 |  4- 6 |  7- 9 || total
-------------------------+-------+-------+-------++-------
Melee: Mace              |    67 |   101 |   197 ||   365
       Headbutt          |     7 |    19 |    74 ||   100
       Dire flail        |       |       |    39 ||    39
Invok: Berserk           |       |     2 |     1 ||     3
  Use: Potion            |     6 |     1 |     7 ||    14
       Scroll            |     8 |     1 |     3 ||    12
 Stab: Sleeping          |       |     4 |     4 ||     8
       Distracted        |       |       |     1 ||     1
  Eat: Chunk             |     1 |     6 |    21 ||    28
       Pizza             |       |       |     1 ||     1
Armor: Animal skin       |    13 |       |       ||    13
       Ring mail         |    20 |    40 |    33 ||    93
       Leather armour    |       |       |    20 ||    20
Dodge: Dodged            |    53 |    73 |   134 ||   260
